 Dungeon Crawl Stone Soup version 0.31-a0-981-geadf994542 (webtiles) character file.

Game seed: 3406462974611196759

1134 lunkers the Martial Artist (level 8, -6/63 HPs)
             Began as a Meteoran Shapeshifter on Nov 1, 2023.
             Shot with an arrow by an orc warrior (11 damage)
             ... on level 7 of the Dungeon.
             The game lasted 00:06:09 (2248 turns).

lunkers the Martial Artist (Meteoran Shapeshifter)  Turns: 2248, Time: 00:06:10

Health: -6/63      AC:  5    Str: 15    XL:     8   Next: 94%
Magic:  9/9        EV: 11    Int: 13    God:
Gold:   158        SH:  4    Dex: 15    Spells: 7/7 levels left

rFire   . .          .
                       - Unarmed
rCold   . . .        q - +0 buckler
rNeg    . . .        k - +0 ring mail
rPois   .            (helmet currently unavailable)
rElec   .            (cloak currently unavailable)
rCorr   .            (gloves currently unavailable)
SInv    .            (boots currently unavailable)
Will    +....        (no amulet)
Stlth   +            (no ring)
HPRegen 0.30/turn    (no ring)
MPRegen 0.11/turn

%: no passive effects
@: beast-form, glowing
A: beast (slay +3), sense surroundings 1, otherworldly, glowing, explore regen
a: Begin Untransformation


You were on level 7 of the Dungeon.
You were a hulking beast.
You visited 1 branch of the dungeon, and saw 7 of its levels.

You collected 158 gold pieces.

Inventory:

Armour
 k - a +0 ring mail (worn)
 q - a +0 buckler (worn)
Talismans
 c - a beast talisman
 d - a flux talisman
Scrolls
 a - a scroll of identify
 m - 2 scrolls of silence
 o - a scroll of teleportation {unknown}
 r - a scroll of vulnerability {unknown}
 s - 2 scrolls of fog
Potions
 b - a potion of lignification
 f - 2 potions of brilliance
 g - 3 potions of curing
 h - a potion of attraction {unknown}
 i - 2 potions of heal wounds {unknown}
 j - 4 potions of might
 p - a potion of ambrosia {unknown}
 t - a potion of magic {unknown}


   Skills:
 + Level 3.4 Fighting
 + Level 4.1 Dodging
 * Level 9.1 Unarmed Combat
 + Level 6.4 Shapeshifting


You had 7 spell levels left.
You didn't know any spells.
Your spell library contained the following spells:

 Spells                   Type           Power      Damage    Failure   Level
 Magic Dart               Conj           0%         1d3       65%         1
 Sandblast                Erth           0%         2d4       65%         1
 Call Imp                 Summ           0%         N/A       78%         2
 Passwall                 Tmut/Erth      0%         N/A       78%         2
 Mephitic Cloud           Conj/Pois/Air  0%         N/A       95%         3
 Stone Arrow              Conj/Erth      0%         3d7       95%         3
 Brom's Barrelling Bould  Conj/Erth      0%         2d3       100%        4


Dungeon Overview and Level Annotations

Branches:
Dungeon (7/15) Zot: 1969   Temple (0/1) D:5

Altars:
Ashenzari
Ru
Xom


Innate Abilities, Weirdness & Mutations

You are a hulking beast.
Your limbs bulge with bestial killing power. (Slay +3)
You passively map a small area around you.
You are easily found by Zot.
You glow in the dark.
You regain HP and MP as you explore.


Message History

The acid dragon is moderately wounded.
The acid dragon bites you.
* * * LOW HITPOINT WARNING * * *
The acid dragon barely misses you.
The orc warrior hits you from afar with a +0 glaive!
* * * LOW HITPOINT WARNING * * *
Okay, then.
You punch the acid dragon!
The acid dragon is heavily wounded.
The acid dragon bites you.
* * * LOW HITPOINT WARNING * * *
The acid dragon claws you.
* * * LOW HITPOINT WARNING * * *
The orc warrior misses you.
Blink to where?
Press: ? - help, Dir - move target
As you read the scroll of blinking, it crumbles to dust.
Found a scroll labelled DIT NYXZIJOACE.
Found a broken altar of Ashenzari.
A bullfrog comes into view.
Found two shimmering altars of Xom and a sacrificial altar of Ru.
The acid dragon attacks as it pursues you!
The acid dragon closely misses you. The acid dragon claws you.
* * * LOW HITPOINT WARNING * * *
You see here a scroll labelled DIT NYXZIJOACE.
As you read the scroll labelled LINTOKH BYQEU, it dissolves into smoke.
It was a scroll of fog.
The acid dragon barely misses you. You block the acid dragon's attack.
You punch the acid dragon!
The acid dragon is almost dead.
The acid dragon closely misses you. The acid dragon completely misses you.
The orc warrior hits you from afar with a +0 glaive!
* * * LOW HITPOINT WARNING * * *
You punch the acid dragon!
You kill the acid dragon!
The bullfrog hits you.
* * * LOW HITPOINT WARNING * * *
The orc warrior unwields a +0 glaive.
The orc warrior wields a +0 orcbow.
The orc warrior shoots an arrow.
The arrow hits you!
You die...

###.##.#......... ,
#..#......###.## , ,*
###.......##..... ,
#........##..#.#. ,
#.########....... *
#.#....##........
#.#..##§#§#§._._. *
#.#..#.o§§F§..# , *
#.#.##..#h#.._._ *
##.##..o.#§§......,, ,
##..###9####§...... *
,*
##..##)....###..#.#.,**
#..##.#####.###..... ,
* #.##.#.....#D####.# ,
#.#.#.†###..#o# .# , *
#.#.#.#...#.#)#,, .
#...#.#.#.#.#9o..#, ,*


You could see an orc warrior and a bullfrog.

Vanquished Creatures
  An acid dragon (D:7)
  Duvessa (D:4)
  2 black bears
  2 centaurs
  2 phantoms
  2 bullfrogs (D:7)
  A scorpion (D:6)
  Dowan (D:4)
  A jelly (D:5)
  3 hounds
  An orc wizard (D:4)
  4 gnolls (D:4)
  4 adders
  A white imp (D:6)
  3 worms
  A dart slug (D:1)
  5 orcs
  8 bats
  8 endoplasms
  3 giant cockroaches
  2 goblins
  2 hobgoblins
  11 jackals
  4 quokkas
  6 ball pythons
  4 frilled lizards
  2 kobolds (D:1)
  5 rats
90 creatures vanquished.

Notes
Turn   | Place    | Note
-------+----------+-------------------------------------------
     0 | D:1      | lunkers the Meteoran Shapeshifter began the quest for the
                  | Orb.
     0 | D:1      | Reached XP level 1. HP: 16/16 MP: 2/2
    46 | D:1      | Reached XP level 2. HP: 22/23 MP: 3/3
    53 | D:1      | Reached skill level 4 in Unarmed Combat
   115 | D:1      | Reached XP level 3. HP: 23/28 MP: 4/4
   294 | D:2      | Reached XP level 4. HP: 9/35 MP: 5/5
   336 | D:2      | Reached skill level 5 in Unarmed Combat
   685 | D:3      | Reached XP level 5. HP: 40/40 MP: 6/6
   869 | D:4      | Noticed Duvessa
   869 | D:4      | Noticed a phantom
   870 | D:4      | Noticed Dowan
   880 | D:4      | Killed Duvessa
   881 | D:4      | Reached skill level 6 in Unarmed Combat
   881 | D:4      | Reached skill level 5 in Shapeshifting
   881 | D:4      | Reached XP level 6. HP: 47/47 MP: 7/7
   883 | D:4      | Killed Dowan
   887 | D:4      | Reached skill level 7 in Unarmed Combat
   887 | D:4      | Reached XP level 7. HP: 52/52 MP: 8/8
  1212 | D:5      | Entered Level 5 of the Dungeon
  1697 | D:5      | Reached skill level 8 in Unarmed Combat
  1697 | D:5      | Reached XP level 8. HP: 27/61 MP: 9/9
  2222 | D:7      | Noticed a gargoyle
  2225 | D:7      | Reached skill level 9 in Unarmed Combat
  2243 | D:7      | Found a broken altar of Ashenzari.
  2244 | D:7      | Found a shimmering altar of Xom.
  2244 | D:7      | Found a sacrificial altar of Ru.
  2244 | D:7      | Found a shimmering altar of Xom.
  2248 | D:7      | Shot with an arrow by an orc warrior

Illustrated notes

Levels and vault maps discovered:
D:1:      zaba_arrival_water, layout_rooms, minmay_pentomino_s4
D:2:      layout_basic, uniq_crazy_yiuf_cottage
D:3:      layout_loops_ring, serial_glass, glass_columns_a, glass_columns_c,
          glass_columns_a, glass_columns_a, glass_columns_a, glass_columns_c,
          nicolae_kite_square_tiling_tiny, minmay_cut_off
D:4:      layout_basic, lemuel_tele_altar, nicolae_overflow_hallway_of_the_gods,
          nrook_loot_triangle, corexii_hall_statues_x, uniq_duvessa
D:5:      layout_loops_corners, minmay_temple_entry_fiery
D:6:      layout_basic, mainiacjoe_overflow_alcove_1, uniq_pikel
D:7:      minmay_the_grid_octo_tiled_squarecenter
          [minmay_the_grid_octo_concentric, minmay_the_grid_octo_odd_swirl,
          minmay_the_grid_octo_checkered, minmay_the_grid_octo_shrine,
          minmay_the_grid_square_5x5_megaprize_crossed,
          minmay_the_grid_square_5x5_dogpile,
          minmay_the_grid_square_5x5_minibox,
          minmay_the_grid_square_5x5_inner_z,
          minmay_the_grid_square_5x5_spiral_small], layout_basic, billiards_dpeg

Skill      XL: |  1  2  3  4  5  6  7  8 |
---------------+-------------------------+-----
Unarmed Combat | 4 5 6 7 8 9 |  9.1
Shapeshifting  | 4 5 6 |  6.4
Fighting       | 2 3 |  3.4
Dodging        | 3 4 |  4.1

Action                     |  1- 3 |  4- 6 |  7- 9 || total
---------------------------+-------+-------+-------++-------
  Melee: Unarmed           |    64 |    76 |   106 ||   246
         Punch             |     1 |     2 |       ||     3
    Use: Scroll            |       |     1 |     8 ||     9
         Potion            |       |     1 |       ||     1
 Armour: Animal skin       |    27 |       |       ||    27
         Ring mail         |       |    13 |    92 ||   105
         Skin              |       |    24 |     2 ||    26
  Dodge: Dodged            |    39 |    37 |    65 ||   141
  Block: Buckler           |       |       |    20 ||    20

Table legend: (Time is in decaauts)
 A = Elapsed time spent in this place.
 B = Non-inter-level travel time spent in this place.
 C = Inter-level travel time spent in this place.
 D = Time resting spent in this place.
 E = Time spent auto-exploring this place.
 F = Levels seen in this place.
 G = Mean time per level.
                   A        B        C        D        E       F      G
               +--------+--------+--------+--------+--------+-----+--------+
         Total |   2229 |   2184 |     45 |      0 |   1602 |   7 |  318.4 |
       Dungeon |   2229 |   2184 |     45 |      0 |   1602 |   7 |  318.4 |
               +--------+--------+--------+--------+--------+-----+--------+

Top non-repeatable levels by time:
     D:5: 502 daAuts
     D:6: 441 daAuts
     D:4: 339 daAuts
     D:2: 317 daAuts
     D:3: 277 daAuts
     D:1: 267 daAuts
     D:7: 84 daAuts
